% Time on Ice - RENO LIONS
Lines # - Real PCT - Wanted PCT - Time Play
Normal Forward
1 - 39% - 40% - 18:48
2 - 28% - 30% - 13:23
3 - 21% - 20% - 10:09
4 - 13% - 10% - 6:18
Normal Defense
1 - 35% - 36% - 17:11
2 - 32% - 31% - 15:44
3 - 27% - 23% - 13:05
4 - 5% - 10% - 2:38
PP Forward
1 - 52% - 65% - 2:03
2 - 48% - 35% - 1:55
PP Defense
1 - 52% - 60% - 2:04
2 - 48% - 40% - 1:54
PK Forward
1 - 60% - 55% - 4:12
2 - 40% - 45% - 2:49
PK Defense
1 - 48% - 55% - 3:21
2 - 52% - 45% - 3:40
PK3 Forward
1 - 0% - 55%
2 - 0% - 45%
PK3 Defense
1 - 0% - 55%
2 - 0% - 45%
44 Forward
1 - 0% - 55%
2 - 0% - 45%
44 Defense
1 - 0% - 55%
2 - 0% - 45%
Last Minute Offensive  - 0:23
Last Minute Defensive  - 0:00
Total
Forward - 60:00
Defense - 60:00
% Time on Ice - SAN FRANCISCO SPIDERS
Lines # - Real PCT - Wanted PCT - Time Play
Normal Forward
1 - 33% - 35% - 15:56
2 - 33% - 35% - 16:04
3 - 24% - 25% - 11:39
4 - 9% - 5% - 4:23
Normal Defense
1 - 31% - 40% - 15:05
2 - 32% - 40% - 15:20
3 - 33% - 20% - 15:45
4 - 4% - 0% - 1:52
PP Forward
1 - 47% - 50% - 3:17
2 - 53% - 50% - 3:44
PP Defense
1 - 40% - 50% - 2:48
2 - 60% - 50% - 4:13
PK Forward
1 - 53% - 50% - 2:05
2 - 47% - 50% - 1:53
PK Defense
1 - 39% - 50% - 1:34
2 - 61% - 50% - 2:24
PK3 Forward
1 - 0% - 55%
2 - 0% - 45%
PK3 Defense
1 - 0% - 50%
2 - 0% - 50%
44 Forward
1 - 0% - 55%
2 - 0% - 45%
44 Defense
1 - 0% - 55%
2 - 0% - 45%
Last Minute Offensive  - 0:00
Last Minute Defensive  - 0:59
Total
Forward - 60:00
Defense - 60:00
Play-by-Play 1st period 0:01 of 1st period - Bo Horvat wins face-off versus Steven Stamkos in neutral zone. 0:09 of 1st period - Icing by Steven Stamkos. 0:10 of 1st period - Zach Hyman wins face-off versus Steven Stamkos in RENO LIONS zone. 0:29 of 1st period - Shot by Steven Stamkos. 0:29 of 1st period - Shot Misses the Net. 0:31 of 1st period - Shot by Steven Stamkos. 0:31 of 1st period - Stopped by Justus Annunen without a rebound. 0:32 of 1st period - Jared McCann wins face-off versus Pierre-Luc Dubois in SAN FRANCISCO SPIDERS zone. 1:14 of 1st period - Shot by Kirby Dach. 1:14 of 1st period - Stopped by Elvis Merzlikins without a rebound. 1:15 of 1st period - Bo Horvat wins face-off versus Derek Grant in RENO LIONS zone. 1:25 of 1st period - Bo Horvat is hit by Robert Hagg and loses puck. 1:34 of 1st period - Shot by Bo Horvat. 1:34 of 1st period - Shot Blocked by Ethan Bear. 1:47 of 1st period - Minor Penalty to Robert Hagg for High sticking. 1:48 of 1st period - Zach Hyman wins face-off versus Patrick Brown in RENO LIONS zone. 1:53 of 1st period - Shot by Zach Hyman. 1:53 of 1st period - Shot Misses the Net. 1:55 of 1st period - Shot by Zach Hyman. 1:55 of 1st period - Shot Misses the Net. 1:57 of 1st period - Shot by Zach Hyman. 1:57 of 1st period - Stopped by Elvis Merzlikins without a rebound. 1:58 of 1st period - Bo Horvat wins face-off versus Pierre-Luc Dubois in RENO LIONS zone. 2:53 of 1st period - Ilya Mikheyev is hit by Brenden Dillon. 3:32 of 1st period - Zach Hyman is hit by Jacob Trouba and loses puck. 4:26 of 1st period - Off-side. 4:27 of 1st period - Derek Grant wins face-off versus Viktor Arvidsson in neutral zone. 4:31 of 1st period - Andreas Johnsson is hit by Adam Larsson and loses puck. 4:44 of 1st period - Shot by Zach Hyman. 4:44 of 1st period - Stopped by Elvis Merzlikins without a rebound. 4:45 of 1st period - Bo Horvat wins face-off versus Pierre-Luc Dubois in RENO LIONS zone. 5:47 of 1st period - Shot by Elias Pettersson. 5:47 of 1st period - Stopped by Justus Annunen without a rebound. 5:48 of 1st period - Patrick Brown wins face-off versus Alexander Kerfoot in SAN FRANCISCO SPIDERS zone. 6:21 of 1st period - Alexander Kerfoot is hit by Patrick Brown and loses puck. 6:31 of 1st period - Icing by Oliver Ekman-Larsson. 6:32 of 1st period - Patrick Brown wins face-off versus Jared McCann in RENO LIONS zone. 6:32 of 1st period - Patrick Brown is hit by Kirby Dach. 6:58 of 1st period - Steven Stamkos is hit by Michael Anderson. 7:32 of 1st period - Shot by Mark Stone. 7:32 of 1st period - Shot Misses the Net. 7:58 of 1st period - Shot by Mark Stone. 7:58 of 1st period - Shot Misses the Net. 8:11 of 1st period - Minor Penalty to Pierre-Luc Dubois for Hooking. 8:12 of 1st period - Patrick Brown wins face-off versus Zach Hyman in RENO LIONS zone. 8:35 of 1st period - Shot by Trevor Moore. 8:35 of 1st period - Shot Misses the Net. 8:37 of 1st period - Shot by Trevor Moore. 8:37 of 1st period - Stopped by Elvis Merzlikins without a rebound. 8:38 of 1st period - Bo Horvat wins face-off versus Patrick Brown in RENO LIONS zone. 9:05 of 1st period - Shot by Mark Stone. 9:05 of 1st period - Shot Blocked by Robert Hagg. 9:14 of 1st period - Icing by Mark Stone. 9:15 of 1st period - Bo Horvat wins face-off versus Patrick Brown in SAN FRANCISCO SPIDERS zone. 9:27 of 1st period - Icing by Bo Horvat. 9:28 of 1st period - Bo Horvat wins face-off versus Patrick Brown in SAN FRANCISCO SPIDERS zone. 9:33 of 1st period - Shot by Bo Horvat. 9:33 of 1st period - Stopped by Elvis Merzlikins with a rebound. 9:50 of 1st period - Jared McCann is hit by Ethan Bear and loses puck. 10:11 of 1st period - Shot by Andrei Svechnikov. 10:11 of 1st period - Deflect By Trent Frederic. 10:11 of 1st period - Stopped by Elvis Merzlikins without a rebound. 10:12 of 1st period - Zach Hyman wins face-off versus Steven Stamkos in RENO LIONS zone. 10:41 of 1st period - Shot by Viktor Arvidsson. 10:41 of 1st period - Deflect By Zach Hyman. 10:41 of 1st period - Stopped by Elvis Merzlikins without a rebound. 10:42 of 1st period - Trent Frederic wins face-off versus Derek Grant in RENO LIONS zone. 11:09 of 1st period - Shot by Trent Frederic. 11:09 of 1st period - Stopped by Elvis Merzlikins without a rebound. 11:10 of 1st period - Pierre-Luc Dubois wins face-off versus Zach Hyman in RENO LIONS zone. 11:53 of 1st period - Shot by Cam Atkinson. 11:53 of 1st period - Shot Hit the Post. 12:04 of 1st period - Viktor Arvidsson is hit by Pierre-Luc Dubois. 12:09 of 1st period - Off-side. 12:10 of 1st period - Bo Horvat wins face-off versus Steven Stamkos in neutral zone. 12:21 of 1st period - Shot by Mark Stone. 12:21 of 1st period - Stopped by Elvis Merzlikins without a rebound. 12:22 of 1st period - Jared McCann wins face-off versus Derek Grant in RENO LIONS zone. 12:57 of 1st period - Shot by Trevor Lewis. 12:57 of 1st period - Shot Blocked by Sean Durzi. 13:21 of 1st period - Shot by Andrei Svechnikov. 13:21 of 1st period - Shot Misses the Net. 13:23 of 1st period - Shot by Erik Gudbranson. 13:23 of 1st period - Shot Misses the Net. 13:33 of 1st period - Icing by Derek Grant. 13:34 of 1st period - Zach Hyman wins face-off versus Derek Grant in RENO LIONS zone. 13:46 of 1st period - Off-side. 13:47 of 1st period - Steven Stamkos wins face-off versus Bo Horvat in neutral zone. 15:02 of 1st period - Steven Stamkos is hit by Alexander Kerfoot and loses puck. 15:34 of 1st period - Off-side. 15:35 of 1st period - Pierre-Luc Dubois wins face-off versus Jared McCann in neutral zone. 16:06 of 1st period - Jacob Trouba is hit by Jared McCann. 16:46 of 1st period - Shot by Mark Stone. 16:46 of 1st period - Shot Misses the Net. 16:48 of 1st period - Shot by Mark Stone. 16:48 of 1st period - Shot Misses the Net. 16:50 of 1st period - Shot by Mark Stone. 16:50 of 1st period - Stopped by Elvis Merzlikins without a rebound. 16:51 of 1st period - Zach Hyman wins face-off versus Derek Grant in RENO LIONS zone. 16:56 of 1st period - Shot by Viktor Arvidsson. 16:56 of 1st period - Stopped by Elvis Merzlikins without a rebound. 16:57 of 1st period - Bo Horvat wins face-off versus Derek Grant in RENO LIONS zone. 17:11 of 1st period - Erik Gudbranson is hit by Ethan Bear and loses puck. 18:26 of 1st period - Shot by Zach Hyman. 18:26 of 1st period - Stopped by Elvis Merzlikins without a rebound. 18:27 of 1st period - Jared McCann wins face-off versus Steven Stamkos in RENO LIONS zone. 19:34 of 1st period - Shot